MLB
DETROIT TIGERS @ TAMPA BAY RAYS
08/17/2019
 
TOP OF THE 1ST
Detroit Tigers batting - Pitching for Tampa Bay Rays : LHP James Paxton
Pitching: LHP James Paxton
Batting: RHB Jean Segura 0-0: Ground out 5-3 (Groundball, 56, EV 103.1 MPH)
Batting: RHB Starling Marte 0-0: Ball
1-0: Called Strike
1-1: SOLO HOME RUN (Flyball, 9D, EV 97.5 MPH), Distance : 367 ft
Batting: LHB Corey Dickerson 0-0: Ground out 6-3 (Groundball, 6MS, EV 88.8 MPH)
Batting: RHB Khris Davis 0-0: Ball
1-0: Ball
2-0: Called Strike
2-1: Foul Ball, location: 2F
2-2: Strikes out swinging
Top of the 1st over - 1 run, 1 hit, 0 errors, 0 left on base; Detroit 1 - Tampa Bay 0
BOTTOM OF THE 1ST
Tampa Bay Rays batting - Pitching for Detroit Tigers : LHP Gio Gonzalez
Pitching: LHP Gio Gonzalez
Batting: SHB Aaron Hicks 0-0: Ball
1-0: Ball
2-0: Called Strike
2-1: Ball
3-1: Called Strike
3-2: Base on Balls
Batting: RHB Marcell Ozuna 0-0: Fly out, F9 (Flyball, 89M, EV 85.0 MPH)
Batting: RHB Xander Bogaerts 0-0: Called Strike
0-1: Ball
1-1: Called Strike
1-2: Reached on error, E5 (Groundball, 56, EV 78.8 MPH)
Aaron Hicks to second
Batting: RHB Nelson Cruz 0-0: Ball
1-0: Ball
2-0: Called Strike
2-1: Ball
3-1: Base on Balls
Aaron Hicks to third
Xander Bogaerts to second
Batting: LHB Michael Conforto 0-0: Ball
1-0: Ball
2-0: Called Strike
2-1: Fly out, F3 (Popup, 3SF, EV 77.5 MPH)
Batting: RHB Buster Posey 0-0: Called Strike
0-1: Swinging Strike
0-2: Ball
1-2: Strikes out swinging
Bottom of the 1st over - 0 runs, 0 hits, 1 error, 3 left on base; Detroit 1 - Tampa Bay 0
TOP OF THE 2ND
Detroit Tigers batting - Pitching for Tampa Bay Rays : LHP James Paxton
Batting: SHB Kendrys Morales 0-0: Ball
1-0: Foul Ball, location: 2F
1-1: Ball
2-1: Foul Ball, location: 2F
2-2: Foul Ball, location: 2F
2-2: Foul Ball, location: 2F
2-2: Strikes out looking
Batting: RHB George Springer 0-0: Called Strike
0-1: Ball
1-1: Called Strike
1-2: Ball
2-2: Ball
3-2: Ground out 1-3 (Groundball, 13, EV 81.9 MPH)
Batting: RHB J.D. Davis 0-0: Ball
1-0: Foul Ball, location: 2F
1-1: Foul Ball, location: 2F
1-2: Strikes out swinging
Top of the 2nd over - 0 runs, 0 hits, 0 errors, 0 left on base; Detroit 1 - Tampa Bay 0
BOTTOM OF THE 2ND
Tampa Bay Rays batting - Pitching for Detroit Tigers : LHP Gio Gonzalez
Batting: RHB Miguel Cabrera 0-0: Ball
1-0: Foul Ball, location: 2F
1-1: Ball
2-1: Ball
3-1: Called Strike
3-2: Foul Ball, location: 2F
3-2: Fly out, F8 (Flyball, 8LS, EV 81.9 MPH)
Batting: LHB Rafael Devers 0-0: Foul Ball, location: 2F
0-1: Ball
1-1: Foul Ball, location: 2F
1-2: Ball
2-2: Ball
3-2: Foul Ball, location: 2F
3-2: SINGLE (Groundball, 34D, EV 101.3 MPH)
Batting: RHB DJ LeMahieu 0-0: Fly out, F9 (Line Drive, 9S, EV 108.1 MPH)
Batting: SHB Aaron Hicks 0-0: Ball
1-0: Ball
2-0: Fielders Choice at 2nd, 6-4 (Groundball, 6, EV 92.5 MPH)
Bottom of the 2nd over - 0 runs, 1 hit, 0 errors, 1 left on base; Detroit 1 - Tampa Bay 0
TOP OF THE 3RD
Detroit Tigers batting - Pitching for Tampa Bay Rays : LHP James Paxton
Batting: RHB Elias Diaz 0-0: Foul Ball, location: 2F
0-1: Ball
1-1: Foul Ball, location: 2F
1-2: Foul Ball, location: 2F
1-2: Ball
2-2: Ball
3-2: DOUBLE (Flyball, 8RXD, EV 101.9 MPH)
Batting: LHB Kolten Wong 0-0: Called Strike
0-1: Ball
1-1: Ball
2-1: Ball
3-1: Base on Balls
Batting: RHB Jean Segura 0-0: Called Strike
0-1: Swinging Strike
0-2: Ball
1-2: SINGLE (Groundball, 6MS, EV 75.6 MPH) (infield hit)
Elias Diaz to third
Kolten Wong to second
Batting: RHB Starling Marte 0-0: Ball
1-0: Ball
2-0: DOUBLE (Line Drive, 7LS, EV 106.9 MPH)
Elias Diaz scores
Kolten Wong scores
Jean Segura to third
Runner from 3rd tries for Home, SAFE, throw by LF to home
Batting: LHB Corey Dickerson 0-0: Ball
1-0: Called Strike
1-1: Swinging Strike
1-2: Ball
2-2: Strikes out looking
Batting: RHB Khris Davis 0-0: Fly out, F9 (Flyball, 9D, EV 106.3 MPH)
Runner from 2nd tags up, SAFE at 3rd, no throw by RF
Batting: SHB Kendrys Morales 0-0: Ball
1-0: Foul Ball, location: 2F
1-1: Ball
2-1: Called Strike
Steal of home, Starling Marte is out
Top of the 3rd over - 3 runs, 3 hits, 0 errors, 0 left on base; Detroit 4 - Tampa Bay 0
BOTTOM OF THE 3RD
Tampa Bay Rays batting - Pitching for Detroit Tigers : LHP Gio Gonzalez
Batting: RHB Marcell Ozuna 0-0: Foul Ball, location: 2F
0-1: Ball
1-1: Ball
2-1: Ball
3-1: Ground out 6-3 (Groundball, 6, EV 108.1 MPH)
Batting: RHB Xander Bogaerts 0-0: Called Strike
0-1: Foul Ball, location: 2F
0-2: Ball
1-2: DOUBLE (Flyball, 78D, EV 93.1 MPH)
Batting: RHB Nelson Cruz 0-0: Ball
1-0: Foul Ball, location: 2F
1-1: Ball
2-1: Swinging Strike
2-2: Strikes out looking
Batting: LHB Michael Conforto 0-0: Called Strike
0-1: Ball
1-1: Called Strike
1-2: Foul Ball, location: 2F
1-2: DOUBLE (Line Drive, 9LM, EV 93.1 MPH)
Xander Bogaerts scores
Batting: RHB Buster Posey 0-0: Ball
1-0: Ball
2-0: Ball
3-0: Called Strike
3-1: Base on Balls
Batting: RHB Miguel Cabrera 0-0: Called Strike
0-1: Ball
1-1: Ball
2-1: Ball
3-1: SINGLE (Line Drive, 7S, EV 88.1 MPH)
Michael Conforto to third
Buster Posey to second
Runner from 3rd tries for Home, SAFE, throw by LF to home
Batting: LHB Rafael Devers 0-0: Ball
1-0: TRIPLE (Flyball, 89XD, EV 96.9 MPH)
Buster Posey scores
Miguel Cabrera scores
Batting: RHB DJ LeMahieu 0-0: Ball
1-0: Ball
2-0: Called Strike
2-1: SINGLE (Line Drive, 56D, EV 105.0 MPH)
Rafael Devers scores
Pitching: RHP Tyler Chatwood
Batting: SHB Aaron Hicks 0-0: Ball
1-0: Called Strike
1-1: Ball
2-1: Foul Ball, location: 2F
2-2: Fly out, F9 (Flyball, 9S, EV 90.0 MPH)
Bottom of the 3rd over - 5 runs, 5 hits, 0 errors, 1 left on base; Detroit 4 - Tampa Bay 5
TOP OF THE 4TH
Detroit Tigers batting - Pitching for Tampa Bay Rays : LHP James Paxton
Batting: SHB Kendrys Morales 0-0: Ball
1-0: Ball
2-0: Foul Ball, location: 2F
2-1: Foul Ball, location: 2F
2-2: Fly out, F7 (Flyball, 7, EV 83.1 MPH)
Batting: RHB George Springer 0-0: Swinging Strike
0-1: Ball
1-1: Called Strike
1-2: Ball
2-2: Foul Ball, location: 2F
2-2: Strikes out swinging
Batting: RHB J.D. Davis 0-0: Called Strike
0-1: Foul Ball, location: 2F
0-2: Foul Ball, location: 2F
0-2: SINGLE (Groundball, 56D, EV 100.6 MPH)
Batting: RHB Elias Diaz 0-0: 2-RUN HOME RUN (Flyball, 78XD, EV 94.4 MPH), Distance : 377 ft
Pitching: RHP Ryne Harper
Batting: LHB Kolten Wong 0-0: Ball
1-0: Ball
2-0: Ball
3-0: Called Strike
3-1: Foul Ball, location: 2F
3-2: Hit by Pitch, AND HE CHARGES THE MOUND! The benches clear!
Pitching: RHP Juan Nicasio
Pinch Runner at 1st Greg Garcia:
Batting: RHB Jean Segura 0-0: Ball
1-0: Called Strike
1-1: Reached on error, E5 (Groundball, 56S, EV 67.5 MPH)
Greg Garcia to third
Batting: RHB Starling Marte 0-0: Foul Ball, location: 2F
0-1: Foul Ball, location: 2F
0-2: Foul Ball, location: 2F
0-2: Ball
1-2: Ball
2-2: Ball
3-2: Foul Ball, location: 2F
3-2: Fly out, F8 (Line Drive, 8LM, EV 96.3 MPH)
Top of the 4th over - 2 runs, 2 hits, 1 error, 2 left on base; Detroit 6 - Tampa Bay 5
BOTTOM OF THE 4TH
Tampa Bay Rays batting - Pitching for Detroit Tigers : RHP Tyler Chatwood
Now at 2B: Greg Garcia
Batting: RHB Marcell Ozuna 0-0: Called Strike
0-1: Ball
1-1: Ball
2-1: Ball
3-1: Swinging Strike
3-2: Base on Balls
Batting: RHB Xander Bogaerts 0-0: Called Strike
0-1: Ball
1-1: Ball
2-1: Foul Ball, location: 2F
2-2: Grounds into double play, 6-4-3 (Groundball, 56, EV 80.6 MPH)
Batting: RHB Nelson Cruz 0-0: Ball
1-0: Foul Ball, location: 2F
1-1: Ball
2-1: Ball
3-1: Foul Ball, location: 2F
3-2: Fly out, F9 (Line Drive, 9D, EV 90.6 MPH)
Bottom of the 4th over - 0 runs, 0 hits, 0 errors, 0 left on base; Detroit 6 - Tampa Bay 5
TOP OF THE 5TH
Detroit Tigers batting - Pitching for Tampa Bay Rays : RHP Juan Nicasio
Batting: LHB Corey Dickerson 0-0: Called Strike
0-1: Called Strike
0-2: Foul Ball, location: 2F
0-2: Foul Ball, location: 2F
0-2: Ball
1-2: Strikes out swinging
Batting: RHB Khris Davis 0-0: Foul Ball, location: 2F
0-1: Ball
1-1: Swinging Strike
1-2: Foul Ball, location: 2F
1-2: Foul Ball, location: 2F
1-2: Strikes out swinging
Batting: SHB Kendrys Morales 0-0: Called Strike
0-1: Swinging Strike
0-2: Ball
1-2: Ball
2-2: Strikes out swinging
Top of the 5th over - 0 runs, 0 hits, 0 errors, 0 left on base; Detroit 6 - Tampa Bay 5
BOTTOM OF THE 5TH
Tampa Bay Rays batting - Pitching for Detroit Tigers : RHP Tyler Chatwood
Batting: LHB Michael Conforto 0-0: Ball
1-0: Called Strike
1-1: Called Strike
1-2: Ball
2-2: Foul Ball, location: 2F
2-2: Ball
3-2: Foul Ball, location: 2F
3-2: SINGLE (Line Drive, 4D, EV 109.4 MPH)
Batting: RHB Buster Posey 0-0: Called Strike
0-1: Ball
1-1: Called Strike
1-2: SINGLE (Line Drive, 3L, EV 100.0 MPH)
Michael Conforto to second
Runner from 2nd tries for 3rd, SAFE, no throw by RF
Batting: RHB Miguel Cabrera 0-0: Ball
1-0: Called Strike
1-1: Foul Ball, location: 2F
1-2: Grounds into double play, 4-6-3 (Groundball, 4, EV 98.1 MPH)
Michael Conforto scores
Batting: LHB Rafael Devers 0-0: Called Strike
0-1: Swinging Strike
0-2: Fly out, F8 (Flyball, 8LD, EV 79.4 MPH)
Bottom of the 5th over - 1 run, 2 hits, 0 errors, 0 left on base; Detroit 6 - Tampa Bay 6
TOP OF THE 6TH
Detroit Tigers batting - Pitching for Tampa Bay Rays : RHP Juan Nicasio
Batting: RHB George Springer 0-0: Ball
1-0: Ball
2-0: Called Strike
2-1: Ball
3-1: Called Strike
3-2: Strikes out swinging
Pitching: RHP Carson Smith
Batting: RHB J.D. Davis 0-0: Ball
1-0: Called Strike
1-1: Foul Ball, location: 2F
1-2: Ball
2-2: Foul Ball, location: 2F
2-2: Foul Ball, location: 2F
2-2: Foul Ball, location: 2F
2-2: Ball
3-2: Foul Ball, location: 2F
3-2: Foul Ball, location: 2F
3-2: Strikes out looking
Batting: RHB Elias Diaz 0-0: Ground out 5-3 (Groundball, 56S, EV 78.8 MPH)
Top of the 6th over - 0 runs, 0 hits, 0 errors, 0 left on base; Detroit 6 - Tampa Bay 6
BOTTOM OF THE 6TH
Tampa Bay Rays batting - Pitching for Detroit Tigers : RHP Tyler Chatwood
Batting: RHB DJ LeMahieu 0-0: Ball
1-0: Fly out, F6 (Popup, 6M, EV 70.6 MPH)
Batting: SHB Aaron Hicks 0-0: Called Strike
0-1: Swinging Strike
0-2: Foul Ball, location: 2F
0-2: Fly out, F9 (Flyball, 9, EV 88.1 MPH)
Pitching: RHP Wilmer Font
Batting: RHB Marcell Ozuna 0-0: Ball
1-0: Ball
2-0: Foul Ball, location: 2F
2-1: Ball
3-1: Fly out, F8 (Flyball, 8RS, EV 88.1 MPH)
Bottom of the 6th over - 0 runs, 0 hits, 0 errors, 0 left on base; Detroit 6 - Tampa Bay 6
TOP OF THE 7TH
Detroit Tigers batting - Pitching for Tampa Bay Rays : RHP Carson Smith
Pitching: RHP Mychal Givens
Batting: LHB Greg Garcia 0-0: Swinging Strike
0-1: Swinging Strike
0-2: Ball
1-2: Strikes out looking
Batting: RHB Jean Segura 0-0: Foul Ball, location: 2F
0-1: Ball
1-1: Swinging Strike
1-2: Fly out, F7 (Line Drive, 7D, EV 90.6 MPH)
Batting: RHB Starling Marte 0-0: Ball
1-0: Ball
2-0: Fly out, F9 (Flyball, 9D, EV 87.5 MPH)
Top of the 7th over - 0 runs, 0 hits, 0 errors, 0 left on base; Detroit 6 - Tampa Bay 6
BOTTOM OF THE 7TH
Tampa Bay Rays batting - Pitching for Detroit Tigers : RHP Wilmer Font
Batting: RHB Xander Bogaerts 0-0: Ball
1-0: Called Strike
1-1: Foul Ball, location: 2F
1-2: Foul Ball, location: 2F
1-2: Ball
2-2: Ball
3-2: Hit by Pitch
Batting: RHB Nelson Cruz 0-0: Ball
1-0: Called Strike
1-1: Foul Ball, location: 2F
1-2: Strikes out swinging
Batting: LHB Michael Conforto 0-0: Ball
1-0: Ball
2-0: Ball
3-0: Base on Balls
Xander Bogaerts to second
Batting: RHB Buster Posey 0-0: Called Strike
0-1: Foul Ball, location: 2F
0-2: Strikes out looking
Batting: RHB Miguel Cabrera 0-0: Called Strike
0-1: Foul Ball, location: 2F
0-2: Ball
1-2: Ball
2-2: SINGLE (Line Drive, 8LS, EV 93.1 MPH)
Xander Bogaerts to third
Michael Conforto to second
Batting: LHB Rafael Devers 0-0: Foul Ball, location: 2F
0-1: Ground out 6-3 (Groundball, 6, EV 91.9 MPH)
Bottom of the 7th over - 0 runs, 1 hit, 0 errors, 3 left on base; Detroit 6 - Tampa Bay 6
TOP OF THE 8TH
Detroit Tigers batting - Pitching for Tampa Bay Rays : RHP Mychal Givens
Batting: LHB Corey Dickerson 0-0: Called Strike
0-1: Swinging Strike
0-2: Ball
1-2: Strikes out swinging, 2-3 out at first.
Batting: RHB Khris Davis 0-0: Foul Ball, location: 2F
0-1: Ball
1-1: Called Strike
1-2: Ball
2-2: Ball
3-2: Foul Ball, location: 2F
3-2: Strikes out swinging
Batting: SHB Kendrys Morales 0-0: Ball
1-0: Called Strike
1-1: Foul Ball, location: 2F
1-2: Ball
2-2: Ball
3-2: Strikes out swinging
Top of the 8th over - 0 runs, 0 hits, 0 errors, 0 left on base; Detroit 6 - Tampa Bay 6
BOTTOM OF THE 8TH
Tampa Bay Rays batting - Pitching for Detroit Tigers : RHP Wilmer Font
Pitching: RHP Pedro Baez
Batting: RHB DJ LeMahieu 0-0: Ball
1-0: Ball
2-0: Ball
3-0: Called Strike
3-1: Swinging Strike
3-2: Foul Ball, location: 2F
3-2: Strikes out swinging, 2-3 out at first.
Batting: SHB Aaron Hicks 0-0: Called Strike
0-1: Ball
1-1: Foul Ball, location: 2F
1-2: DOUBLE (Line Drive, 89M, EV 115.0 MPH)
Batting: RHB Marcell Ozuna 0-0: Ball
1-0: Swinging Strike
1-1: Ball
2-1: Called Strike
2-2: Strikes out swinging
Batting: RHB Xander Bogaerts 0-0: Called Strike
0-1: Called Strike
0-2: Ball
1-2: Ball
2-2: Strikes out looking
Bottom of the 8th over - 0 runs, 1 hit, 0 errors, 1 left on base; Detroit 6 - Tampa Bay 6
TOP OF THE 9TH
Detroit Tigers batting - Pitching for Tampa Bay Rays : RHP Mychal Givens
Pitching: RHP Keone Kela
Batting: RHB George Springer 0-0: Foul Ball, location: 2F
0-1: SINGLE (Flyball, 78M, EV 97.5 MPH)
Batting: RHB J.D. Davis 0-0: Ball
1-0: Ball
2-0: Ball
3-0: Foul Ball, location: 2F
3-1: Base on Balls
George Springer to second
Pitching: LHP Sean Doolittle
Batting: RHB Elias Diaz 0-0: Ball
1-0: Called Strike
1-1: Ball
2-1: Bunted foul
2-2: Strikes out looking
Batting: LHB Greg Garcia 0-0: DOUBLE (Groundball, 3L, EV 106.9 MPH)
George Springer scores
J.D. Davis to third
Runner from 3rd tries for Home, SAFE, throw by RF to home
Batting: RHB Jean Segura 0-0: Ball
1-0: DOUBLE (Line Drive, 9LS, EV 101.3 MPH)
Greg Garcia scores
Batting: RHB Starling Marte 0-0: Foul Ball, location: 2F
0-1: Fly out, F9 (Line Drive, 9, EV 87.5 MPH)
Batting: LHB Corey Dickerson 0-0: Foul Ball, location: 2F
0-1: Called Strike
0-2: Ball
1-2: Strikes out looking
Top of the 9th over - 3 runs, 3 hits, 0 errors, 1 left on base; Detroit 9 - Tampa Bay 6
BOTTOM OF THE 9TH
Tampa Bay Rays batting - Pitching for Detroit Tigers : RHP Pedro Baez
Pitching: LHP Zack Britton
Batting: RHB Nelson Cruz 0-0: Ball
1-0: Foul Ball, location: 2F
1-1: Swinging Strike
1-2: Strikes out swinging
Batting: LHB Michael Conforto 0-0: Called Strike
0-1: Foul Ball, location: 2F
0-2: Ball
1-2: Strikes out looking
Batting: RHB Buster Posey 0-0: Foul Ball, location: 2F
0-1: Foul Ball, location: 2F
0-2: Ball
1-2: Ball
2-2: Ball
3-2: Ground out 5-3 (Groundball, 56S, EV 68.8 MPH)
Bottom of the 9th over - 0 runs, 0 hits, 0 errors, 0 left on base; Detroit 9 - Tampa Bay 6
Wednesday, November 20th, 2019 - OOTP Baseball 20.8 Build 73